 Dungeon Crawl Stone Soup version 0.21.1-1-g345015fe64 (webtiles) character file.

68667 GingerOwl the Impaler (level 15, -6/92 HPs)
             Began as a Gargoyle Fighter on Mar 23, 2018.
             Was a High Priest of Makhleb.
             Killed by divine providence
             ... invoked by an orc priest
              (15 damage)
             ... on level 2 of the Orcish Mines on Mar 28, 2018.
             The game lasted 03:24:52 (28093 turns).

GingerOwl the Impaler (Gargoyle Fighter)           Turns: 28093, Time: 03:24:53

Health: -6/92      AC: 35    Str: 24    XL:     15   Next: 27%
Magic:  7/7        EV: 16    Int: 13    God:    Makhleb [*****.]
Gold:   2054       SH:  5    Dex: 16    Spells: 6/14 levels left

rFire    + + .     SeeInvis .   F - +11 scythe of Inflation {antimagic, *Noise +Fly rPois rN+}
rCold    x . .     Gourm    .   (shield currently unavailable)
rNeg     + + .     Faith    .   k - +0 fire dragon scales
rPois    ∞         Spirit   .   t - +0 helmet {Int+3}
rElec    +         Reflect  +   I - +1 cloak
rCorr    +         Harm     .   G - +2 pair of gloves
MR       ++...                  i - +2 pair of boots
Stlth    ..........             L - +5 amulet of reflection
HPRegen  0.25/turn              M - ring of resist corrosion
MPRegen  0.10/turn              s - ring of protection from magic

@: studying Throwing
A: big wings, molten scales 1, thin skeletal structure 1, clever 1, negative
energy resistance 1, electricity resistance, strong 1, unbreathing, evolution 1,
petrification resistance, rot immunity, AC +11
a: Fly, Minor Destruction, Lesser Servant of Makhleb, Major Destruction, Greater
Servant of Makhleb, Renounce Religion, Evoke Flight


You were on level 2 of the Orcish Mines.
You worshipped Makhleb.
Makhleb was extremely pleased with you.
You were not hungry.

You visited 4 branches of the dungeon, and saw 23 of its levels.
You also visited: Labyrinth.

You collected 2054 gold pieces.

Inventory:

Hand Weapons
 a - a +1 trident of flaming
 y - a +5 bardiche of chopping
 F - the +11 scythe of Inflation (weapon) {antimagic, *Noise +Fly rPois rN+}
   (You found it on level 8 of the Dungeon)

   It reduces the magical energy of the wielder, and disrupts the spells and
   magical abilities of those hit.
   Natural abilities and divine invocations are not affected.
   It protects you from poison.
   It protects you from negative energy.
   It lets you fly.
   It may make noises in combat.
Armour
 i - a +2 pair of boots (worn)
 k - +0 fire dragon scales (worn)
 t - a +0 helmet of intelligence (worn)
 G - a +2 pair of gloves (worn)
 I - a +1 cloak (worn)
Jewellery
 h - an uncursed ring of see invisible
 s - a ring of protection from magic (right hand)
 L - a +5 amulet of reflection (around neck)
 M - a ring of resist corrosion (left hand)
Wands
 b - a wand of enslavement (12)
 n - a wand of disintegration (5)
 o - a wand of digging (6)
 z - a wand of clouds (6)
 D - a wand of paralysis (42)
 H - a wand of iceblast (9)
 J - a wand of flame (59)
 Z - a wand of acid (18)
Scrolls
 e - 7 scrolls of teleportation
 x - 2 scrolls of enchant armour
 U - a scroll of brand weapon
 V - a scroll of remove curse
 W - a scroll of amnesia
Potions
 d - 5 potions of might
 g - 2 potions of curing
 l - 2 potions of agility {unknown}
 m - 2 potions of resistance {unknown}
 p - 2 potions of haste
 q - a potion of ambrosia {unknown}
 r - a potion of flight {unknown}
 v - 3 potions of brilliance
 w - a potion of berserk rage {unknown}
 A - a potion of cancellation {unknown}
 C - 3 potions of invisibility
 N - a potion of magic {unknown}
 S - 4 potions of heal wounds
 T - 6 potions of lignification
Books
 c - Bobruilu's Catalogue of Intoxication and Ice
   (You found it on level 1 of the Lair of Beasts)

   Spells                             Type                      Level
   a - Freeze                         Ice                          1
   b - Ice Form                       Ice/Transmutation            4
   c - Venom Bolt                     Conjuration/Poison           5
   d - Ozocubu's Refrigeration        Ice                          6
 j - a manual of Throwing
 O - a book of Power

   Spells                             Type                      Level
   a - Iskenderun's Battlesphere      Conjuration/Charms           5
   b - Venom Bolt                     Conjuration/Poison           5
   c - Bolt of Magma                  Conjuration/Fire/Earth       5
   d - Iron Shot                      Conjuration/Earth            6
   e - Orb of Destruction             Conjuration                  7
   f - Spellforged Servitor           Conjuration/Summoning        7
 P - a book of Cantrips

   Spells                             Type                      Level
   a - Confusing Touch                Hexes                        1
   b - Animate Skeleton               Necromancy                   1
   c - Summon Small Mammal            Summoning                    1
   d - Apportation                    Translocation                1
 R - a book of Cantrips

   Spells                             Type                      Level
   a - Confusing Touch                Hexes                        1
   b - Animate Skeleton               Necromancy                   1
   c - Summon Small Mammal            Summoning                    1
   d - Apportation                    Translocation                1
 X - a book of Geomancy

   Spells                             Type                      Level
   a - Sandblast                      Earth                        1
   b - Passwall                       Transmutation/Earth          2
   c - Stone Arrow                    Conjuration/Earth            3
   d - Petrify                        Transmutation/Earth          4
   e - Lee's Rapid Deconstruction     Earth                        5
Comestibles
 f - 46 rations


   Skills:
 - Level 10.0 Fighting
 - Level 15.0 Polearms
 + Level 10.1 Armour
 - Level 10.0 Dodging
   Level 6.7 Shields
 - Level 6.1 Summonings
 - Level 10.0 Invocations


You had 6 spell levels left.
You knew the following spells:

 Your Spells              Type           Power        Failure   Level  Hunger
a - Summon Small Mammal   Summ           ###.         6%          1    ##.....
b - Spellforged Servitor  Conj/Summ      #.........   100%        7    #######


Dungeon Overview and Level Annotations

Branches:
Dungeon (14/15)            Temple (1/1) D:5            Lair (6/6) D:8
 Shoals (0/4) Lair:2       Spider (0/4) Lair:4          Orc (2/2) D:10
 Vaults (0/5) D:13
  Slime: Lair:5-6       Elf: Orc:2

Altars:
Ashenzari
Cheibriados
Dithmenos
Elyvilon
Fedhas
Gozag
Hepliaklqana
Kikubaaqudgha
Makhleb
Nemelex Xobeh
Okawaru
Qazlal
Ru
Sif Muna
Trog
Uskayaw
Vehumet
Wu Jian
Xom
Yredelemnul
Zin
The Shining One

Shops:
D:4 =   D:11 *

Annotations:
Lair:5 exclusion: 3 oklob plants


Innate Abilities, Weirdness & Mutations

You are resistant to torment.
Your stone body is resilient. (AC +11)
You are immune to poison.
Your large and strong wings let you fly indefinitely.
You resist negative energy. (rN+)
You are resistant to electric shocks. (rElec)
You can survive without breathing.
You are immune to petrification.
You are immune to rotting.
You are partially covered in molten scales. (AC +2)
You have a somewhat thin skeletal structure. (Dex +2, Stealth)
Your mind is acute. (Int +2)
Your muscles are strong. (Str +2)
You evolve.


Message History

Your cacodemon barely misses the orc warrior.
The orc hits you but does no damage.
An orc comes into view. It is wielding a club.
You closely miss the orc.
Your surroundings suddenly seem different.
The orc warrior shouts!
The orc shouts!
The orc priest shouts!
The orc warrior shouts!
The orc wizard shouts!
You hear a shout!
The orc wizard looks encouraged for a moment.
Found 26 gold pieces.
An orc comes into view. It is wielding a hand axe.
The orc throws a tomahawk.
The tomahawk closely misses you. The orc closely misses you.
The orc throws a tomahawk.
You reflect the tomahawk off an invisible shield around you!
The tomahawk barely misses the orc.
The orc warrior completely misses you. The orc wizard closely misses you.
The orc wizard hits you but does no damage.
The orc priest calls down the wrath of Beogh upon you.
Beogh smites you!
You die...

#### #.....
......## #.....#
o.(...## #....$#
##.o...$## .
#.....###.....$..#
o
#....o.##.......#
.#
#...........)..#
#..o.o.$<.)..##
###oo....#3##
#.@.(...####
##.......#
#........#
.......$...#
......#......#
......##.......
....... #......
......## #...


You could see an orc warrior, an orc priest, an orc wizard and 2 orcs.

Vanquished Creatures
  Snorg (Lair:4)
  A fire dragon (Lair:6)
  4 hydras
  Fannar (Lair:1)
  A rakshasa (D:14)
  An anaconda (Lair:6)
  2 catoblepae
  5 two-headed ogres
  2 centaur warriors (D:14)
  A dancing weapon (D:13)
  2 unseen horrors (D:14)
  A flayed ghost (D:8)
  A swamp dragon (Lair:6)
  Pikel (D:4)
  5 ugly things
  A deep elf mage (D:14)
  2 oklob plants (Lair:4)
  A cyclops (D:12)
  2 manticores
  3 centaur zombies
  6 elephants (Lair:6)
  Maurice (D:9)
  5 black mambas
  3 gargoyles
  5 spiny frogs
  5 rime drakes
  7 komodo dragons
  A yaktaur (D:14)
  6 trolls
  A queen bee (Lair:3)
  A jumping spider (Lair:4)
  7 polar bears (Lair:6)
  12 hippogriffs
  A hornet (D:12)
  5 slime creatures
  6 dream sheep (Lair:6)
  17 blink frogs
  A centaur simulacrum (D:14)
  4 redbacks
  2 shadows
  5 wraiths
  5 wyverns
  A vampire (D:10)
  2 fire bats (D:8)
  2 hogs (D:8)
  19 yaks
  Eustachio (D:5)
  A human (D:8)
  The ghost of Zrachosh the Charmwright, an amateur GnSk (D:3)
  3 steam dragons
  2 hungry ghosts
  A vampire mosquito (D:13)
  3 wargs (Lair:6)
  13 hell hounds (Lair:6)
  9 water moccasins
  7 porcupines
  10 orc warriors
  3 swamp drakes (Lair:6)
  9 black bears
  5 ice beasts
  4 necrophages (Lair:3)
  5 sky beasts
  5 ogres
  31 wolves
  5 centaurs
  20 crocodiles
  4 big kobolds
  3 gnoll sergeants
  Blork the orc (D:5)
  14 bullfrogs
  8 scorpions
  6 wights
  23 killer bees (Lair:3)
  8 howler monkeys
  A bullfrog zombie (D:11)
  7 crimson imps
  6 hounds
  A quasit (D:6)
  A jelly (D:12)
  18 orc wizards
  16 orc priests
  4 centaur skeletons
  7 iguanas
  6 worker ants
  A hound zombie (D:5)
  A hound skeleton (D:3)
  2 howler monkey zombies
  2 worker ant zombies
  4 gnolls (D:7)
  15 adders
  An ooze (D:4)
  An adder zombie (D:6)
  3 adder skeletons
  4 worms
  2 leopard geckos
  39 orcs
  A ball python (D:2)
  A giant cockroach (D:4)
  4 goblins
  5 hobgoblins
  8 jackals
  3 quokkas
  15 bats
  A frilled lizard (D:2)
  A giant cockroach zombie (D:6)
  A jackal skeleton (D:4)
  A jackal zombie (D:7)
  26 kobolds
  A quokka skeleton (D:4)
  3 rats (D:3)
  A butterfly (Lair:2)
  7 plants
594 creatures vanquished.

Vanquished Creatures (collateral kills)
  A minotaur (Lab)
  A hydra (Lair:5)
  A dancing weapon (D:13)
  A centaur warrior (D:11)
  Sonja (D:10)
  2 ugly things (D:14)
  3 slime creatures (D:13)
  2 polar bears (Lair:6)
  3 blink frogs
  A dream sheep (Lair:6)
  A wyvern (D:13)
  2 vampire mosquitoes (D:13)
  A warg (Lair:6)
  An acid dragon (D:11)
  A water moccasin (D:11)
  4 hell hounds (Lair:6)
  3 black bears (Lair:6)
  An ice beast (D:11)
  A centaur (D:14)
  2 wolves
  2 howler monkeys (D:11)
  A hound (D:13)
  An orc wizard (Orc:2)
  2 orcs (Orc:2)
39 creatures vanquished.

Vanquished Creatures (others)
  Urug (D:10)
  A troll (D:14)
  3 centaurs (D:14)
  A hound (D:14)
  An adder (D:6)
  A worm (D:6)
  A leopard gecko (D:6)
  2 orcs (D:14)
  8 fungi
  25 plants
44 creatures vanquished.

Grand Total: 677 creatures vanquished

Notes
Turn   | Place    | Note
-------+----------+-------------------------------------------
     0 | D:1      | GingerOwl the Gargoyle Fighter began the quest for the Orb.
     0 | D:1      | Reached XP level 1. HP: 14/14 MP: 1/1
   253 | D:1      | Reached XP level 2. HP: 17/19 MP: 2/2
   882 | D:2      | Reached skill level 2 in Polearms
  1067 | D:2      | Reached XP level 3. HP: 9/23 MP: 3/3
  1372 | D:2      | Found an opulent altar of Gozag.
  1452 | D:2      | Reached skill level 3 in Polearms
  1741 | D:3      | Reached XP level 4. HP: 28/28 MP: 4/4
  2048 | D:3      | Noticed Zrachosh's ghost (amateur GnSk)
  2083 | D:3      | Reached skill level 4 in Polearms
  2083 | D:3      | Reached XP level 5. HP: 32/32 MP: 5/5
  2121 | D:3      | Killed Zrachosh's ghost
  2121 | D:3      | Reached skill level 5 in Polearms
  2121 | D:3      | Reached XP level 6. HP: 35/37 MP: 6/6
  2741 | D:4      | Reached skill level 6 in Polearms
  2923 | D:4      | Found a shattered altar of Ashenzari.
  2952 | D:4      | Reached XP level 7. HP: 28/41 MP: 7/7
  3051 | D:4      | Noticed Pikel
  3095 | D:4      | Found Yfoiffof's Jewellery Emporium.
  3517 | D:4      | Reached skill level 5 in Armour
  3745 | D:4      | Killed Pikel
  3745 | D:4      | Reached XP level 8. HP: 25/53 MP: 5/8
  4036 | D:4      | Found a sparkling altar of Nemelex Xobeh.
  4450 | D:5      | Entered Level 5 of the Dungeon
  4450 | D:5      | Found a hide-covered altar of Uskayaw.
  4588 | D:5      | Found a staircase to the Ecumenical Temple.
  4594 | Temple   | Entered the Ecumenical Temple
  4718 | Temple   | Became a worshipper of Makhleb the Destroyer
  4817 | D:5      | Noticed Eustachio
  5179 | D:5      | Killed Eustachio
  5408 | D:5      | Found the opalescent robe
  5501 | D:5      | Noticed Blork the orc
  5516 | D:5      | Killed Blork the orc
  6062 | D:6      | Found a shimmering altar of Xom.
  6136 | D:6      | Found a basalt altar of Yredelemnul.
  6172 | D:6      | Reached XP level 9. HP: 60/62 MP: 9/9
  6187 | D:6      | Reached skill level 10 in Fighting
  6209 | D:6      | Found an ancient bone altar of Kikubaaqudgha.
  6415 | D:6      | Found a snail-covered altar of Cheibriados.
  6494 | D:6      | Reached * piety under Makhleb
  6494 | D:6      | Reached skill level 7 in Polearms
  6771 | D:6      | Found a radiant altar of Vehumet.
  6961 | D:7      | Reached skill level 8 in Polearms
  7145 | D:7      | Found a hazy altar of Hepliaklqana.
  7195 | D:7      | Found a white marble altar of Elyvilon.
  7794 | D:8      | Found a staircase to the Lair.
  7845 | D:8      | Reached skill level 9 in Polearms
  7858 | D:8      | Reached ** piety under Makhleb
  8003 | D:8      | Reached XP level 10. HP: 68/68 MP: 10/10
  8040 | D:8      | Found the +10 zealot's sword {holy, *Rage rN+ EV+3}
  8333 | D:7      | Reached skill level 10 in Polearms
  8557 | D:8      | Found a blossoming altar of Fedhas.
  8584 | D:8      | Noticed an angel
  8588 | D:8      | Found a glowing silver altar of Zin.
  8843 | D:8      | Found a white marble altar of Elyvilon.
  8907 | D:8      | Found a runed door.
  8968 | D:8      | Found a sacrificial altar of Ru.
  8977 | D:8      | Reached skill level 5 in Shields
  9229 | D:8      | Found an iron altar of Okawaru.
  9244 | D:8      | Noticed a flayed ghost
  9267 | D:8      | Killed a flayed ghost
  9352 | D:8      | Reached skill level 1 in Dodging
  9540 | D:8      | Found a shadowy altar of Dithmenos.
  9575 | D:8      | Found a radiant altar of Vehumet.
  9582 | D:8      | Reached *** piety under Makhleb
  9597 | D:8      | Found a hide-covered altar of Uskayaw.
  9971 | D:8      | Found a shattered altar of Ashenzari.
 10034 | D:9      | Reached skill level 5 in Dodging
 10034 | D:9      | Reached XP level 11. HP: 72/72 MP: 9/11
 10106 | D:9      | Reached skill level 1 in Invocations
 10185 | D:9      | Found a glowing silver altar of Zin.
 10207 | D:9      | Noticed a two-headed ogre
 10226 | D:9      | Killed a two-headed ogre
 10296 | D:9      | Found an iron altar of Okawaru.
 10357 | D:9      | Noticed Maurice
 10397 | D:9      | Killed Maurice
 10580 | D:9      | Reached skill level 5 in Invocations
 10704 | D:8      | Got a twisted scythe
 10705 | D:8      | Identified the +11 scythe of Inflation {antimagic, *Noise +Fly rPois rN+} (You found it on level 8 of the Dungeon)
 11040 | D:10     | Entered Level 10 of the Dungeon
 11419 | D:10     | Found a staircase to the Orcish Mines.
 11969 | D:10     | Reached **** piety under Makhleb
 12204 | D:10     | Noticed Urug
 12204 | D:10     | Noticed Sonja
 12263 | D:10     | Killed Sonja
 12271 | D:10     | Killed Urug
 12550 | D:10     | Learned a level 1 spell: Summon Small Mammal
 13147 | D:11     | Found Vidig's General Store.
 13199 | D:11     | Noticed a centaur warrior
 13646 | D:11     | Reached skill level 10 in Armour
 13742 | D:11     | Reached skill level 1 in Summonings
 13753 | D:11     | Reached XP level 12. HP: 75/77 MP: 5/15
 13768 | D:11     | Found an ornate altar of the Wu Jian Council.
 13791 | D:11     | Killed a centaur warrior
 13903 | D:11     | Noticed a two-headed ogre
 13912 | D:11     | Killed a two-headed ogre
 14372 | D:11     | Reached skill level 5 in Summonings
 14520 | D:12     | Got a spiked ring mail
 14524 | D:12     | Identified the +3 ring mail of the Good {rElec Dex+4} (You found it on level 12 of the Dungeon)
 14799 | D:12     | Found a labyrinth entrance.
 14806 | Lab      | Entered a labyrinth
 15034 | Lab      | Noticed a minotaur
 15046 | Lab      | Killed a minotaur
 15507 | D:12     | Noticed a two-headed ogre
 15526 | D:12     | Killed a two-headed ogre
 15599 | D:12     | Reached skill level 11 in Polearms
 16153 | D:13     | Noticed a two-headed ogre
 16162 | D:13     | Killed a two-headed ogre
 16162 | D:13     | Reached ***** piety under Makhleb
 16265 | D:13     | Reached skill level 12 in Polearms
 16412 | D:13     | Reached XP level 13. HP: 58/82 MP: 5/16
 16560 | D:13     | Found a gate to the Vaults.
 17230 | D:14     | Noticed a rakshasa
 17243 | D:14     | Killed a rakshasa
 17247 | D:14     | Reached skill level 13 in Polearms
 17763 | D:14     | Got a distressingly furry robe
 17764 | D:14     | Identified the cursed +0 robe "Zenaimum" {rF+} (You took it off a centaur warrior on level 14 of the Dungeon)
 18091 | D:14     | Reached skill level 14 in Polearms
 18513 | Lair:1   | Entered Level 1 of the Lair of Beasts
 18568 | Lair:1   | Noticed Fannar
 18581 | Lair:1   | Killed Fannar
 18972 | Lair:1   | Identified a scroll of acquirement
 18989 | Lair:1   | Learned a level 7 spell: Spellforged Servitor
 19011 | Lair:1   | Identified Bobruilu's Catalogue of Intoxication and Ice
 19657 | Lair:2   | Got a jewelled scale mail
 19722 | Lair:2   | Identified the cursed +0 scale mail of Noughts and Crosses {Dex+6} (You found it on level 2 of the Lair of Beasts)
 20426 | Lair:2   | Found a staircase to the Shoals.
 20659 | Lair:3   | Got a heavily runed leather armour
 20754 | Lair:3   | Reached skill level 15 in Polearms
 20762 | Lair:3   | Gained mutation: Your large and strong wings let you fly indefinitely. [Gargoyle growth]
 20762 | Lair:3   | Reached XP level 14. HP: 88/88 MP: 5/17
 21077 | Lair:3   | Identified the +4 leather armour "Hoaphien" {rCorr} (You found it on level 3 of the Lair of Beasts)
 21907 | Lair:4   | Noticed Snorg
 21918 | Lair:4   | Killed Snorg
 22109 | Lair:4   | Found a hole to the Spider Nest.
 24105 | Lair:5   | Reached skill level 10 in Invocations
 25409 | Lair:6   | Entered Level 6 of the Lair of Beasts
 26243 | Lair:6   | Reached XP level 15. HP: 77/92 MP: 7/22
 26506 | Lair:6   | Gained mutation: You are frail. (-10% HP) [potion of mutation]
 26506 | Lair:6   | Gained mutation: Your magical capacity is low. (-10% MP) [potion of mutation]
 26506 | Lair:6   | Gained mutation: You are partially covered in molten scales. (AC +2) [potion of mutation]
 26507 | Lair:6   | Lost mutation: Your magical capacity is low. (-10% MP) [potion of mutation]
 26507 | Lair:6   | Lost mutation: You are frail. (-10% HP) [potion of mutation]
 26507 | Lair:6   | Gained mutation: Your mind is acute. (Int +2) [potion of mutation]
 26507 | Lair:6   | Gained mutation: Your muscles are strong. (Str +2) [potion of mutation]
 26507 | Lair:6   | Gained mutation: You are frail. (-10% HP) [potion of mutation]
 26507 | Lair:6   | Gained mutation: You are resistant to hostile enchantments. (MR+) [potion of mutation]
 26508 | Lair:6   | Lost mutation: You are frail. (-10% HP) [potion of mutation]
 26508 | Lair:6   | Lost mutation: You are resistant to hostile enchantments. (MR+) [potion of mutation]
 26508 | Lair:6   | Gained mutation: You evolve. [potion of mutation]
 26508 | Lair:6   | Gained mutation: You have a somewhat thin skeletal structure. (Dex +2, Stealth) [potion of mutation]
 27216 | Lair:6   | Reached skill level 10 in Dodging
 27820 | Orc:1    | Entered Level 1 of the Orcish Mines
 28055 | Orc:2    | Entered Level 2 of the Orcish Mines
 28093 | Orc:2    | Killed from afar by an orc priest

Skill      XL: |  1  2  3  4  5  6  7  8  9 10 11 12 13 14 15 |
---------------+----------------------------------------------+-----
Polearms       | 2 3 4 5 6 9 10 12 15 | 15.0
Armour         | 4 5 10 | 10.1
Fighting       | 7 9 10 | 10.0
Shields        | 6 |  6.7
Dodging        | 5 8 10 | 10.0
Invocations    | 5 10 | 10.0
Summonings     | 2 6 |  6.1

Action                   |  1- 3 |  4- 6 |  7- 9 | 10-12 | 13-15 || total
-------------------------+-------+-------+-------+-------+-------++-------
Melee: Trident           |   126 |   127 |   596 |   494 |    69 ||  1412
       Scythe            |       |       |       |   447 |   974 ||  1421
 Cast: Summon Small Mamm |       |       |       |       |     1 ||     1
Invok: Lesser Servant of |       |       |       |    11 |    24 ||    35
       Minor Destruction |       |       |       |     2 |       ||     2
       Major Destruction |       |       |       |       |     5 ||     5
       Greater Servant o |       |       |       |       |     1 ||     1
Evoke: Wand              |       |       |       |       |     3 ||     3
  Use: Scroll            |       |       |     1 |    26 |    23 ||    50
       Potion            |       |       |       |       |    12 ||    12
 Stab: Distracted        |       |       |       |     3 |     5 ||     8
  Eat: Chunk             |     3 |     4 |    17 |    14 |    25 ||    63
       Ration            |       |       |       |     5 |     5 ||    10
Armor: Scale mail        |    18 |       |       |   316 |   409 ||   743
       Plate armour      |    36 |   105 |   499 |   277 |       ||   917
       Skin              |       |       |       |     1 |     1 ||     2
       Leather armour    |       |       |       |       |   459 ||   459
       Fire dragon scale |       |       |       |       |    50 ||    50
Dodge: Dodged            |    28 |    15 |   111 |   413 |  1101 ||  1668
Block: Shield            |    51 |    67 |   331 |   223 |       ||   672
       Other             |       |       |       |   139 |   381 ||   520
       Reflection        |       |       |       |     9 |     8 ||    17
